 Dungeon Crawl Stone Soup version 0.23.2-33-g5129a83184 (webtiles) character file.

Game seed: 8242687724735431859

1148 H0rd4k the Thaumaturge (level 8, -3/41 HPs)
             Began as a Deep Elf Wizard on June 27, 2019.
             Was a Follower of Sif Muna.
             Killed by divine providence
             ... invoked by an orc priest
              (15 damage)
             ... on level 5 of the Dungeon.
             The game lasted 00:11:01 (5438 turns).

H0rd4k the Thaumaturge (Deep Elf Wizard)            Turns: 5438, Time: 00:11:02

Health: -3/41      AC:  3    Str:  4    XL:     8   Next: 15%
Magic:  17/23      EV: 13    Int: 26    God:    Sif Muna [*.....]
Gold:   241        SH:  0    Dex: 13    Spells: 20/26 levels left

rFire    + . .     SeeInvis .   (no weapon)
rCold    . . .     Gourm    .   (no shield)
rNeg     . . .     Faith    .   a - +0 robe
rPois    .         Spirit   .   b - +1 hat
rElec    .         Reflect  .   (no cloak)
rCorr    .         Harm     .   (no gloves)
MR       +....                  (no boots)
Stlth    ++........             (no amulet)
HPRegen  0.13/turn              l - ring of protection from magic
MPRegen  0.18/turn              o - ring of protection from fire

@: about to teleport
A: no striking features
a: Divine Energy, Renounce Religion


You were on level 5 of the Dungeon.
You worshipped Sif Muna.
Sif Muna was aware of your devotion.
You were very hungry.

You visited 2 branches of the dungeon, and saw 6 of its levels.

You collected 241 gold pieces.

Inventory:

Hand Weapons
 C - the +8 spear of Ehigheg {holy, Str+2 Dex+7}
   (You found it on level 5 of the Dungeon)

   It has been blessed by the Shining One to cause great damage to the undead
   and demons.
   It affects your strength (+2).
   It affects your dexterity (+7).
Armour
 a - a +0 robe (worn)
 b - a +1 hat (worn)
Jewellery
 l - a ring of protection from magic (left hand)
 o - a ring of protection from fire (right hand)
 v - an uncursed ring of ice
Wands
 s - a wand of flame (8)
 x - a wand of disintegration (11)
 y - a wand of iceblast (4)
 A - a wand of random effects (17)
Scrolls
 c - 2 scrolls of enchant weapon
 e - a scroll of enchant armour
 g - 3 scrolls of magic mapping
 h - 5 scrolls of identify
 i - a scroll of fog
 k - a scroll of blinking {unknown}
 m - a scroll of remove curse
 n - 2 scrolls of amnesia {unknown}
 p - 3 scrolls of teleportation {unknown}
 w - a scroll of fear {unknown}
 B - a scroll of immolation {unknown}
Potions
 f - a potion of berserk rage {unknown}
 j - 2 potions of haste {unknown}
 q - a potion of heal wounds {unknown}
 r - 2 potions of might
 t - 4 potions of curing
 u - a potion of agility {unknown}
 z - a potion of brilliance {unknown}
 D - a potion of magic {unknown}
Comestibles
 d - 7 rations


   Skills:
 + Level 0.1 Fighting
 + Level 3.1 Dodging
 + Level 3.7 Stealth
 + Level 9.7 Spellcasting
 + Level 6.4 Conjurations
   Level 1.1 Summonings
 + Level 1.1 Translocations
 * Level 2.3 Fire Magic
 + Level 0.4 Evocations


You had 20 spell levels left.
You knew the following spells:

 Your Spells              Type           Power        Failure   Level  Hunger
a - Magic Dart            Conj           ####         1%          1    None
b - Blink                 Tloc           N/A          4%          2    None
c - Conjure Flame         Conj/Fire      #####...     2%          3    None

Your spell library contained the following spells:

 Spells                   Type           Power        Failure   Level  Hunger
 Call Imp                 Summ           ###.....     4%          2    None
 Mephitic Cloud           Conj/Pois/Air  ###.....     6%          3    None
 Slow                     Hex            ##......     7%          2    None


Dungeon Overview and Level Annotations

Branches:
Dungeon (5/15)             Temple (1/1) D:4

Altars:
Ashenzari
Cheibriados
Elyvilon
Fedhas
Gozag
Hepliaklqana
Kikubaaqudgha
Nemelex Xobeh
Okawaru
Qazlal
Ru
Sif Muna
Trog
Uskayaw
Vehumet
Wu Jian
Xom
Yredelemnul
Zin
The Shining One

Shops:
D:4 [

Annotations:
D:1 exclusion: downstairs
D:2 Terence
D:3 exclusion: upstairs, Sigmund


Message History

As you read the scroll labeled COTIABR RISAUPSA, it crumbles to dust.
You feel aware of your surroundings.
It was a scroll of magic mapping.
The orc priest begins to cast a cantrip, but forgets the words!
As you read the scroll labeled XYARUI ROIR, it crumbles to dust.
It is a scroll of identify.
C - the +8 spear of Ehigheg {holy, Str+2 Dex+7}
As you read the scroll labeled VYSKIOHYUTH, it crumbles to dust.
The scroll dissolves into smoke.
It was a scroll of fog.
You hear some strange, mumbled words.
A puff of flame appears from out of thin air!
The puff of flame hits you. You resist.
* * * LOW HITPOINT WARNING * * *
Unknown command.
As you read the scroll labeled LOEPSI OQEUC, it crumbles to dust.
You feel blessed for a moment.
It was a scroll of remove curse.
The orc priest hits you but does no damage.
You feel strangely unstable. Something hits you but does no damage.
The orc priest calls down the wrath of Beogh upon you.
Beogh smites you!
You die...

############
#......§§§.#######
#.....§§{§@......#
#.≈≈.§§§o.≈......##
****###.≈≈≈§§§§§≈.......#
,,,,..>..≈.§§§§≈≈≈......#
,,,,.....!..§.§≈§≈......#
,,,,...).....≈≈≈≈≈≈.....#
,,,,$.......≈≈§§≈≈≈.....#
,,,,.......≈≈≈§§≈≈≈.....#
,,,,......≈≈≈≈≈≈≈§≈.....#


You could see an orc priest.

Vanquished Creatures
  Grinder (D:5)
  Eustachio (D:5)
  A phantom (D:4)
  3 ogres (D:5)
  A scorpion (D:4)
  A hound (D:5)
  2 orc priests
  Ijyb (D:5)
  Natasha (twice) (D:2)
  An iguana (D:5)
  3 orc wizards
  2 worker ants
  3 adders
  A shadow imp (D:5)
  2 oozes
  2 dart slugs (D:1)
  3 leopard geckos
  11 orcs
  6 giant cockroaches
  6 goblins
  3 hobgoblins
  6 jackals (D:1)
  8 kobolds
  2 quokkas
  5 bats
  3 frilled lizards
  A quokka skeleton (D:4)
  5 rats
86 creatures vanquished.

Vanquished Creatures (others)
  A bullfrog zombie (D:5)
1 creature vanquished.

Grand Total: 87 creatures vanquished

Notes
Turn   | Place    | Note
-------+----------+-------------------------------------------
     0 | D:1      | H0rd4k the Deep Elf Wizard began the quest for the Orb.
     0 | D:1      | Reached XP level 1. HP: 10/10 MP: 7/7
   392 | D:1      | Reached skill level 5 in Spellcasting
   457 | D:1      | Reached XP level 2. HP: 15/15 MP: 6/10
   461 | D:1      | Learned a level 2 spell: Blink
  1104 | D:1      | Reached XP level 3. HP: 18/19 MP: 6/12
  1109 | D:1      | Learned a level 3 spell: Conjure Flame
  1201 | D:2      | Noticed Terence
  1438 | D:2      | Reached skill level 6 in Spellcasting
  1837 | D:3      | Noticed Sigmund
  1890 | D:3      | Reached XP level 4. HP: 9/24 MP: 3/14
  2257 | D:2      | Noticed Natasha
  2262 | D:2      | Killed Natasha
  2445 | D:2      | Noticed Natasha
  2450 | D:2      | Killed Natasha
  2450 | D:2      | Reached XP level 5. HP: 28/28 MP: 11/16
  2811 | D:3      | Reached skill level 7 in Spellcasting
  2872 | D:3      | Found a glowing silver altar of Zin.
  2873 | D:3      | Found an opulent altar of Gozag.
  2987 | D:3      | Found a glowing golden altar of the Shining One.
  3258 | D:4      | Found Uqeosa's Armour Emporium.
  3518 | D:4      | Noticed a phantom
  3588 | D:4      | Killed a phantom
  3588 | D:4      | Reached XP level 6. HP: 27/32 MP: 7/18
  3612 | D:4      | Found a staircase to the Ecumenical Temple.
  3624 | D:4      | Reached skill level 8 in Spellcasting
  3651 | Temple   | Entered the Ecumenical Temple
  3812 | Temple   | Became a worshipper of Sif Muna the Loreminder
  4411 | D:5      | Entered Level 5 of the Dungeon
  4532 | D:5      | Noticed Grinder
  4542 | D:5      | Killed Grinder
  4542 | D:5      | Reached skill level 5 in Conjurations
  4542 | D:5      | Reached skill level 1 in Fire Magic
  4542 | D:5      | Reached XP level 7. HP: 36/36 MP: 6/21
  4552 | D:5      | Noticed Ijyb
  4781 | D:5      | Reached skill level 9 in Spellcasting
  4867 | D:5      | Killed Ijyb
  4955 | D:5      | Reached * piety under Sif Muna
  5039 | D:5      | Noticed Eustachio
  5318 | D:5      | Killed Eustachio
  5318 | D:5      | Reached XP level 8. HP: 41/41 MP: 15/23
  5414 | D:5      | Got a slimy spear
  5433 | D:5      | Identified the +8 spear of Ehigheg {holy, Str+2 Dex+7} (You
                  | found it on level 5 of the Dungeon)
  5438 | D:5      | Killed from afar by an orc priest

Skill      XL: |  1  2  3  4  5  6  7 |
---------------+----------------------+-----
Spellcasting   | 5 6 7 8 9 |  9.7
Conjurations   | 2 3 5 6 |  6.4
Stealth        | 3 |  3.7
Dodging        | 3 |  3.1
Fire Magic     | 1 2 |  2.3
Fighting       | |  0.1
Summonings     | |  1.1
Translocations | |  1.1
Evocations     | |  0.4

Action                   |  1- 3 |  4- 6 |  7- 9 || total
-------------------------+-------+-------+-------++-------
 Cast: Magic Dart        |   114 |   133 |   105 ||   352
       Conjure Flame     |       |     4 |     2 ||     6
       Blink             |       |       |     1 ||     1
Evoke: Wand              |       |     2 |       ||     2
  Use: Scroll            |       |       |     6 ||     6
       Potion            |       |       |     1 ||     1
  Eat: Chunk             |     3 |     5 |     1 ||     9
       Ration            |       |     1 |       ||     1
Armor: Robe              |     2 |     4 |     4 ||    10
Dodge: Dodged            |    19 |    16 |    11 ||    46
